 Dungeon Crawl Stone Soup version 0.25-a0-670-g50981ef59b (webtiles) character file.

Game seed: 15085305961970570501, levelgen mode: deterministic

1543 Amnesiac the Thaumaturge (level 8, 0/41 HPs)
             Began as a Deep Elf Wizard on Mar 29, 2020.
             Was an Initiate of Vehumet.
             Engulfed by a cloud of flame (30 damage)
             ... on level 5 of the Dungeon.
             The game lasted 00:19:51 (7080 turns).

Amnesiac the Thaumaturge (Deep Elf Wizard)          Turns: 7080, Time: 00:19:51

Health: 0/41       AC:  6    Str:  4    XL:     8   Next: 56%
Magic:  7/26       EV: 13    Int: 26    God:    Vehumet [......]
Gold:   375        SH:  5    Dex: 13    Spells: 20/32 levels left

rFire    . . .     SeeInvis .   b - +4 dagger
rCold    . . .     Gourm    .   o - +0 buckler
rNeg     . . .     Faith    .   m - +2 robe {MR+}
rPois    .         Spirit   .   f - +1 helmet
rElec    .         Reflect  .   (no cloak)
rCorr    .         Harm     .   (no gloves)
MR       +....                  (no boots)
Stlth    ++........             (no amulet)
HPRegen  0.13/turn              (no ring)
MPRegen  0.20/turn              (no ring)

@: no status effects
A: no striking features
a: Renounce Religion


You were on level 5 of the Dungeon.
You worshipped Vehumet.
Vehumet was noncommittal.
You were not hungry.

You visited 1 branch of the dungeon, and saw 6 of its levels.
You also visited: Sewer.

You collected 375 gold pieces.

Inventory:

Hand Weapons
 b - a +4 dagger (weapon)
 w - a +2 vorpal falchion
Missiles
 n - 13 poisoned darts (quivered)
Armour
 f - a +1 helmet (worn)
 m - a +2 robe of magic resistance (worn)
 o - a +0 buckler (worn)
 t - a +3 leather armour of fire resistance
 x - a cursed +0 pair of gloves
 y - a +3 leather armour of magic resistance
Jewellery
 a - the amulet of Difegesm {RegenMP rPois Dex+6, unknown}
   (You found it on level 5 of the Dungeon)

   [amulet of magic regeneration]

   It increases your magic regeneration.
   It affects your dexterity (+6).
   It protects you from poison.
Wands
 l - a wand of digging (2)
 u - a wand of enslavement (3)
 B - a wand of flame (16)
Scrolls
 c - 2 scrolls of magic mapping {!r}
 e - 6 scrolls of identify {!r}
 g - 8 scrolls of teleportation {!r}
 h - 2 scrolls of remove curse {!r}
 k - 2 scrolls of blinking {!r}
Potions
 i - 2 potions of might {!q}
 j - a potion of ambrosia {!q, unknown}
 p - a potion of cancellation {!q}
 q - a potion of heal wounds {!q, unknown}
 r - a potion of magic {!q}
 s - a potion of haste {!q}
 v - 3 potions of curing {!q}
 z - 2 potions of mutation {!q}
Comestibles
 d - 11 rations
 A - 7 chunks of flesh


   Skills:
 - Level 2.4 Dodging
 - Level 2.4 Stealth
 - Level 4.1 Shields
 * Level 12.6 Spellcasting
 - Level 1.1 Conjurations
 - Level 1.1 Summonings
 - Level 1.1 Translocations


You had 20 spell levels left.
You knew the following spells:

 Your Spells              Type           Power        Failure   Level  Hunger
a - Magic Dart            Conj           ###.         2%          1    None
b - Call Imp              Summ           ###.....     3%          2    None
c - Apportation           Tloc           ###...       2%          1    None
e - Mephitic Cloud        Conj/Pois/Air  ###.....     9%          3    None
s - Conjure Flame         Conj/Fire      ###.....     9%          3    None
v - Blink                 Tloc           N/A          3%          2    None

Your spell library contained the following spells:

 Spells                   Type           Power        Failure   Level  Hunger
 Summon Small Mammal      Summ           ###.         2%          1    None
 Animate Skeleton         Necr           N/A          3%          1    None
 Corona                   Hex            ###....      3%          1    None
 Slow                     Hex            ###.....     5%          2    None


Dungeon Overview and Level Annotations

Branches:
Dungeon (6/15)              Sewer (visited)
 Temple: D:4-7

Altars:
Dithmenos
Makhleb
Nemelex Xobeh
Ru
Sif Muna
Trog
Uskayaw
Vehumet
Wu Jian
The Shining One

Annotations:
D:1 1 exclusion
D:5 Grinder
D:6 Pikel


Message History

Confirm with . or Enter, or press ? or * to list all spells.
Aiming: Mephitic Cloud (safe; 9% risk of failure)
Press: ? - help, Shift-Dir - straight line, f/p - slave
Aim: a slave (lightly wounded, confused)
The ball explodes into a vile cloud!
The stinking cloud engulfs Grinder but does no damage.
The stinking cloud engulfs the slave but does no damage.
The slave is lightly wounded.
The slave is engulfed in noxious fumes.
The slave appears confused.
Casting: Mephitic Cloud (safe; 9% risk of failure)
Confirm with . or Enter, or press ? or * to list all spells.
A beastly little devil appears in a puff of flame.
Grinder hits you.
You writhe in agony.
The slave is engulfed in noxious fumes.
The slave appears confused.
The slave closely misses Grinder.
Casting: Call Imp (safe; 3% risk of failure)
Confirm with . or Enter, or press ? or * to list all spells.
A beastly little devil appears in a puff of flame.
Grinder hits you but does no damage.
The slave is engulfed in noxious fumes.
The slave closely misses Grinder.
Casting: Call Imp (safe; 3% risk of failure)
Confirm with . or Enter, or press ? or * to list all spells.
A beastly little devil appears in a puff of flame.
Grinder barely misses you.
The slave is engulfed in noxious fumes.
The slave appears confused.
The slave hits Pikel but does no damage.
The slave hits itself.
You swap places.
Grinder blinks!
Your crimson imp blinks!
Casting: Call Imp (safe; 3% risk of failure)
Confirm with . or Enter, or press ? or * to list all spells.
Okay, then.
Unknown command.
Casting: Call Imp (safe; 3% risk of failure)
Confirm with . or Enter, or press ? or * to list all spells.
The fire begins to smolder!
Grinder closely misses your crimson imp.
Grinder blinks!
The fire ignites!
Grinder barely misses you.
Your crimson imp blinks!
A worker ant comes into view.
Your crimson imp blinks!
There is a stone staircase leading up here.
Grinder closely misses you.
You climb upwards.
There is a stone staircase leading down here.
Casting: Conjure Flame (safe; 9% risk of failure)
Confirm with . or Enter, or press ? or * to list all spells.
The fire begins to smolder!
Grinder closely misses you.
Grinder says, "Don't move a muscle."
Grinder smothers the flame.
Casting: Conjure Flame (safe; 9% risk of failure)
Confirm with . or Enter, or press ? or * to list all spells.
The fire begins to smolder!
Grinder gestures at you.
You easily resist.
Grinder smothers the flame.
Casting: Conjure Flame (safe; 9% risk of failure)
Confirm with . or Enter, or press ? or * to list all spells.
The fire begins to smolder!
Grinder blinks!
The fire ignites!
Really walk into that cloud of flame?
You are engulfed in blazing flames.
Ouch! That really hurt!
You die...

#..#########..##.#
#..# #..##.# #..#
#..##.# #..#####
#..##.# #.[....##
#..##.#
#5###...####..##.#
#.# #.........##.#
#.# #...####.###.#
#@##########.# #..
#.ยง.>........#
### ##############


You could see Grinder.

Vanquished Creatures
  Eustachio (D:4)
  An ice beast (D:6)
  A sky beast (D:4)
  2 phantoms (D:4)
  2 ogres
  A bullfrog zombie (D:5)
  A centaur skeleton (D:4)
  2 orc priests (D:3)
  A hound (D:4)
  An iguana (D:6)
  Jessica (D:2)
  2 worker ants
  A hound zombie (D:4)
  A howler monkey zombie (D:4)
  Robin (D:2)
  9 adders
  7 oozes (Sewer)
  An adder zombie (D:4)
  3 adder skeletons (D:4)
  3 worms
  3 dart slugs
  6 leopard geckos
  10 orcs
  7 bats
  4 giant cockroaches
  16 goblins
  13 hobgoblins
  7 jackals
  3 quokkas
  5 ball pythons
  7 frilled lizards
  A giant cockroach zombie (D:4)
  A jackal zombie (D:4)
  3 kobolds
  A kobold zombie (D:6)
  8 rats
137 creatures vanquished.

Vanquished Creatures (collateral kills)
  4 bullfrogs
  A scorpion (D:4)
  2 howler monkeys
  An iguana (D:5)
  Ijyb (D:3)
  7 adders
  4 oozes (Sewer)
  An adder zombie (D:4)
  A worm (D:5)
  6 leopard geckos
  An orc (D:3)
  4 ball pythons (Sewer)
  9 giant cockroaches
  2 jackals (D:6)
  7 frilled lizards (Sewer)
  2 jackal zombies
  A plant (D:5)
54 creatures vanquished.

Grand Total: 191 creatures vanquished

Notes
Turn   | Place    | Note
-------+----------+-------------------------------------------
     0 | D:1      | Amnesiac the Deep Elf Wizard began the quest for the Orb.
     0 | D:1      | Reached XP level 1. HP: 10/10 MP: 7/7
    85 | D:1      | Reached skill level 5 in Spellcasting
   130 | D:1      | Reached XP level 2. HP: 15/15 MP: 6/10
   145 | D:1      | Learned a level 2 spell: Call Imp
  1082 | D:2      | Noticed Jessica
  1092 | D:2      | Killed Jessica
  1092 | D:2      | Reached skill level 6 in Spellcasting
  1092 | D:2      | Reached XP level 3. HP: 19/19 MP: 1/12
  1096 | D:2      | Learned a level 2 spell: Blink
  1100 | D:2      | Learned a level 3 spell: Mephitic Cloud
  1163 | D:2      | Learned a level 3 spell: Conjure Flame
  1238 | D:2      | Found a glowing golden altar of the Shining One.
  1254 | D:2      | Reached skill level 7 in Spellcasting
  1254 | D:2      | Reached XP level 4. HP: 24/24 MP: 4/15
  1357 | D:2      | Found a sparkling altar of Nemelex Xobeh.
  1387 | D:2      | Noticed Robin
  1429 | D:2      | Killed Robin
  1741 | D:2      | Reached XP level 5. HP: 20/28 MP: 6/17
  1924 | D:2      | Found a faded altar of an unknown god.
  2058 | D:2      | Found an ornate altar of the Wu Jian Council.
  2182 | D:3      | Found a sacrificial altar of Ru.
  2241 | D:3      | Reached skill level 8 in Spellcasting
  2687 | D:3      | Found a hide-covered altar of Uskayaw.
  2710 | D:3      | Noticed Ijyb
  2761 | D:3      | Killed Ijyb
  2881 | D:3      | Reached skill level 1 in Shields
  3026 | D:3      | Reached XP level 6. HP: 29/32 MP: 6/19
  3770 | D:4      | Reached skill level 9 in Spellcasting
  3877 | D:4      | Found a bloodstained altar of Trog.
  3955 | D:4      | Reached XP level 7. HP: 14/36 MP: 0/22
  4130 | D:4      | Reached skill level 10 in Spellcasting
  4895 | D:4      | Noticed Eustachio
  4975 | D:4      | Killed Eustachio
  4975 | D:4      | Reached skill level 11 in Spellcasting
  5109 | D:5      | Entered Level 5 of the Dungeon
  5208 | D:5      | Reached XP level 8. HP: 23/41 MP: 17/25
  5256 | D:5      | Found a glowing drain.
  5261 | Sewer    | Entered a sewer
  6217 | D:5      | Found a shimmering blue altar of Sif Muna.
  6413 | D:5      | Got a flickering bone amulet
  6461 | D:5      | Reached skill level 12 in Spellcasting
  6488 | D:5      | Found a radiant altar of Vehumet.
  6492 | D:5      | Found a burning altar of Makhleb.
  6602 | D:5      | Found a shadowy altar of Dithmenos.
  6678 | D:5      | Became a worshipper of Vehumet
  6913 | D:6      | Learned a level 1 spell: Apportation
  6918 | D:6      | Learned a level 1 spell: Magic Dart
  7049 | D:6      | Noticed Pikel
  7049 | D:6      | Noticed Grinder
  7080 | D:5      | Engulfed by a cloud of flame

Levels and vault maps discovered:
D:1:      minmay_arrival_split_and_join, layout_basic, due_unseen_surprise
D:2:      layout_loops_corners, lemuel_crystal_altar, lemuel_crystal_altar,
          chequers_ecumenical_altar_lobes, nicolae_tso_carved_into_rock,
          uniq_robin, uniq_jessica
D:3:      layout_loops_ring, eat_drink_and_be_merry_uskayaw,
          nicolae_ru_sacrificial_ziggurat, first_ration, dk_noncrumbling_2,
          uniq_ijyb
D:4:      layout_loops_ring, kennysheep_mini_moat, serial_undead,
          serial_undead_b, serial_undead_b, serial_undead_e, serial_undead_b,
          chequers_serial_rivers_micro_d, uniq_eustachio
D:5:      layout_loops_ring, gammafunk_temple_overflow_forgotten,
          portal_sewer_entry_e, basic_altar, minivault_4,
          mumra_transporter_accident
D:6:      layout_basic, chequers_serial_rivers_large_b, dk_yredelemnul_ordeal,
          uniq_blork_the_orc, uniq_maggie, uniq_pikel, uniq_grinder

Skill      XL: |  1  2  3  4  5  6  7  8 |
---------------+-------------------------+-----
Spellcasting   | 5 6 7 8 9 11 12 | 12.6
Shields        | 1 2 3 4 |  4.1
Dodging        | |  2.4
Stealth        | |  2.4
Conjurations   | |  1.1
Summonings     | |  1.1
Translocations | |  1.1

Action                   |  1- 3 |  4- 6 |  7- 9 || total
-------------------------+-------+-------+-------++-------
Melee: Unarmed           |    15 |       |       ||    15
       Dagger            |       |   161 |   344 ||   505
 Cast: Magic Dart        |    71 |   143 |    59 ||   273
       Call Imp          |     3 |     6 |    51 ||    60
       Mephitic Cloud    |       |    13 |     9 ||    22
       Conjure Flame     |       |     3 |    12 ||    15
       Apportation       |       |       |     2 ||     2
  Use: Scroll            |       |     5 |    12 ||    17
       Potion            |       |     2 |       ||     2
 Stab: Confused          |       |     4 |     3 ||     7
       Sleeping          |       |     2 |     1 ||     3
       Distracted        |       |     1 |     2 ||     3
  Eat: Chunk             |       |     9 |    11 ||    20
Armor: Robe              |     2 |    54 |    94 ||   150
Dodge: Dodged            |    15 |   159 |   201 ||   375
Block: Buckler           |       |     9 |    79 ||    88

Table legend:
 A = Non-vault XP
 B = Vault XP
 C = Vault XP percentage of total XP
 D = Non-vault monster count
 E = Vault monster count
 F = Vault count percentage of total count
                 A         B        C        D         E       F
            +---------+---------+-------+---------+---------+-------
      Total |    1556 |     649 |  29.4 |     109 |      81 |  42.6
            +---------+---------+-------+---------+---------+-------
        D:1 |      37 |       0 |   0.0 |      22 |       0 |   0.0
        D:2 |     107 |      72 |  40.2 |      17 |      13 |  43.3
        D:3 |     165 |      18 |   9.8 |      33 |       1 |   2.9
        D:4 |     691 |     269 |  28.0 |      17 |       9 |  34.6
        D:5 |     271 |       0 |   0.0 |      10 |       0 |   0.0
        D:6 |     285 |       1 |   0.3 |      10 |       1 |   9.1
      Sewer |       0 |     289 | 100.0 |       0 |      57 | 100.0
            +---------+---------+-------+---------+---------+-------
